 Dungeon Crawl Stone Soup version 0.27-a0-951-gae3e1deef5 (webtiles) character file.

Game seed: 13882062425082230102

28 Alarkh the Insei (level 3, 19/26 HPs)
             Began as a Demonspawn Transmuter on Apr 11, 2021.
             Got out of the dungeon alive.
             The game lasted 00:00:48 (1183 turns).

Alarkh the Insei (Demonspawn Transmuter)            Turns: 1183, Time: 00:00:49

Health: 19/26      AC:  2    Str: 10    XL:     3   Next: 0%
Magic:  6/6        EV: 12    Int: 15    God:
Gold:   17         SH:  4    Dex: 13    Spells: 5/6 levels left

rFire    . . .     SeeInvis .     - Unarmed
rCold    . . .     Faith    .   (no shield)
rNeg     . . .     Spirit   .   a - +0 robe
rPois    .         Reflect  .   (no helmet)
rElec    .         Harm     .   (no cloak)
rCorr    .         Rampage  .   (no gloves)
Will     .....                  (no boots)
Stlth    +.........             (no amulet)
HPRegen  0.08/turn              (no ring)
MPRegen  0.10/turn              (no ring)

@: no status effects
A: claws 1, condensation shield
a: no special abilities


You escaped.
You visited 1 branch of the dungeon, and saw 2 of its levels.

You collected 17 gold pieces.

Inventory:

Armour
 a - a +0 robe (worn)
Scrolls
 b - 2 scrolls of enchant armour {unknown}
 d - a scroll of noise {unknown}
 f - a scroll of identify {unknown}
 g - a scroll of vulnerability {unknown}
Potions
 c - a potion of curing {unknown}
 e - a potion of flight {unknown}


   Skills:
 + Level 1.5 Fighting
 - Level 1.7 Dodging
 * Level 3.1 Unarmed Combat
 + Level 2.2 Spellcasting
 + Level 2.1 Transmutations


You had 5 spell levels left.
You knew the following spells:

 Your Spells              Type           Power      Damage    Failure   Level
a - Beastly Appendage     Tmut           16%        N/A       9%          1

Your spell library contained the following spells:

 Spells                   Type           Power      Damage    Failure   Level
 Wereblood                Tmut           8%         N/A       14%         2
 Spider Form              Tmut/Pois      2%         N/A       38%         3
 Ice Form                 Ice/Tmut       4%         N/A       80%         4
 Hydra Form               Tmut           4%         N/A       94%         5


Dungeon Overview and Level Annotations

Branches:
Dungeon (2/15)

Altars:


Innate Abilities, Weirdness & Mutations

You have sharp fingernails.
A meltable shield of frost defends you. (SH +4)


Message History

A hobgoblin comes into view.
The jackal bites you but does no damage.
The hobgoblin shouts!
You scratch the jackal.
You kill the jackal!
You scratch the bat.
You kill the bat!
Your transformation is almost over.
You barely miss the hobgoblin. You claw the hobgoblin.
The hobgoblin is heavily wounded.
The hobgoblin hits you.
You closely miss the hobgoblin. You headbutt the hobgoblin.
You kill the hobgoblin!
You have reached level 3!
Your experience leads to an increase in your attributes!
Increase (S)trength, (I)ntelligence, or (D)exterity?
You feel clever.
Your demonic ancestry asserts itself...
Frost condenses into a shield before you.
You see here a bat corpse.
There is a stone staircase leading up here.
You climb upwards.
Your horns disappear.
Your talons disappear.
There is a stone staircase leading down here.
You see here a bat corpse.
You see here a +0 robe.
Magic restored.
There is an open door here.
You enter the shallow water.
Moving in this stuff is going to be slow.
There is a staircase leading out of the dungeon here.
Are you sure you want to leave the Dungeon?
This will make you lose the game!
Alright, then stay!
You enter the shallow water.
Moving in this stuff is going to be slow.
Unknown command.
Unknown command.
Unknown command.
There is a staircase leading out of the dungeon here.
Are you sure you want to leave the Dungeon?
This will make you lose the game!
You have escaped!

...........## #.#.#
............## #.#.#
#######'###..##########.#.#
#..###..........#.#.#
###.###..≈≈≈≈≈≈≈.#...#
#....##..≈.....≈.#.###
#..............≈.#.#
#.....≈≈≈≈≈≈≈..≈.#.#
#.....≈....@≈..≈.#.#
####..≈..≈.....≈.#.#
#..≈..≈≈≈≈≈≈≈.#.#
#..≈..........#.#
#..≈.....≈..###.#
#..≈≈≈≈≈≈≈..# #.#
#...........# #.#
#.........#.# #.#
#########...# #.#


There were no monsters in sight!

Vanquished Creatures
  A dart slug (D:1)
  2 ball pythons (D:1)
  2 goblins (D:1)
  3 hobgoblins
  6 jackals
  4 bats
  3 frilled lizards (D:1)
  2 kobolds (D:1)
23 creatures vanquished.

Notes
Turn   | Place    | Note
-------+----------+-------------------------------------------
     0 | D:1      | Alarkh the Demonspawn Transmuter began the quest for the
                  | Orb.
     0 | D:1      | Reached XP level 1. HP: 15/15 MP: 3/3
   590 | D:1      | Gained mutation: You have sharp fingernails. [demonic
                  | ancestry]
   590 | D:1      | Reached XP level 2. HP: 10/21 MP: 3/5
   684 | D:1      | Reached skill level 3 in Unarmed Combat
  1139 | D:2      | Gained mutation: A meltable shield of frost defends you.
                  | (SH +4) [demonic ancestry]
  1139 | D:2      | Reached XP level 3. HP: 15/26 MP: 4/6
  1183 | D:$      | Got out of the dungeon alive.

Illustrated notes

Levels and vault maps discovered:
D:1:      ebering_hopf_link, layout_basic
D:2:      layout_basic, minmay_split_cup_small

Skill      XL: |  1  2 |
---------------+-------+-----
Unarmed Combat | 3 |  3.1
Transmutations | 2 |  2.1
Fighting       | |  1.5
Dodging        | |  1.7
Spellcasting   | |  2.2

Action                   || total
-------------------------++-------
Melee: Unarmed           ||    65
       Headbutt          ||     5
       Punch             ||     1
       Kick              ||     1
 Cast: Beastly Appendage ||    10
 Stab: Sleeping          ||     1
Armor: Robe              ||    21
Dodge: Dodged            ||    57

Table legend: (Time is in decaauts)
 A = Elapsed time spent in this place.
 B = Non-inter-level travel time spent in this place.
 C = Inter-level travel time spent in this place.
 D = Time resting spent in this place.
 E = Time spent auto-exploring this place.
 F = Levels seen in this place.
 G = Mean time per level.
                   A        B        C        D        E       F      G
               +--------+--------+--------+--------+--------+-----+--------+
         Total |   1182 |   1073 |    109 |      0 |    900 |   2 |  591.0 |
       Dungeon |   1182 |   1073 |    109 |      0 |    900 |   2 |  591.0 |
               +--------+--------+--------+--------+--------+-----+--------+

Top non-repeatable levels by time:
     D:1: 1160 daAuts
     D:2: 22 daAuts
